Map: 瑟拉斯遺跡

Players

Sen

  • Race: Zerg Zerg
  • League: Master

Rose (Python) - Winner!

  • Race: Zerg Zerg
  • League: Grandmaster

Event: 2016 WCS Winter Challenger Taiwan

VOD

Have the link to the VOD?

Description

Time

  • Played on: Jan. 9, 2016, 4:57 a.m.
  • Length: 5:27

All games in this series

Show
View Real Time Build Order
Export as new Build Order

Sen Zerg 

Build Orders: Hatch First 

Get SALT Encoding   

  12  0:01  Drone  
  13  0:11  Drone  
  14  0:18  Overlord  
  14  0:26  Extractor  
  14  0:27  Drone  
  15  0:36  Drone x2  
  17  0:44  Drone  
  18  0:59  Hatchery  
  17  1:13  Spawning Pool  
  17  1:17  Drone  
  17  1:19  Drone  
  17  1:22  Extractor  
  17  1:27  Drone  
  18  1:35  Drone  
  19  1:42  Drone  
  20  1:53  Overlord  
  20  2:00  Queen  
  22  2:11  Queen  
  22  2:12  Zergling x2  
  22  2:13  Drone x2  
  28  2:22  Drone  
  28  2:23  Drone  
  28  2:24  Metabolic Boost  
  29  2:32  Drone  
  30  2:37  Drone  
  30  2:40  Queen  
  33  2:45  Overlord  
  33  2:49  Drone  
  35  2:58  Drone x2  
  36  3:08  Drone  
  36  3:09  Drone x3  
  36  3:12  Drone  
  41  3:19  Overlord  
  41  3:20  Baneling Nest  
  41  3:25  Drone  
  40  3:31  Zergling x4  
  40  3:32  Zergling x2  
  43  3:37  Hatchery  
  42  3:43  Zergling x6  
  42  3:48  Overlord  
  45  3:51  Zergling x6  
  45  3:53  Zergling x2  
  49  3:56  Zergling x6  
  52  4:09  Baneling x3  
  49  4:12  Zergling x4  
  49  4:15  Zergling x2  
  46  4:20  Zergling x2  
  46  4:22  Queen  
  47  4:31  Zergling x14  
  43  4:42  Zergling x4  
  44  4:48  Zergling x2  
  43  4:56  Zergling x4  
  37  5:06  Zergling x6  
Show
View Real Time Build Order
Export as new Build Order

Rose Zerg - Winner!

Build Orders: Hatch First, Zergling Baneling 

Get SALT Encoding   

  12  0:01  Drone  
  13  0:08  Drone  
  14  0:17  Overlord  
  14  0:23  Extractor  
  14  0:24  Drone  
  15  0:36  Drone  
  15  0:37  Drone  
  17  0:55  Hatchery  
  16  0:58  Drone  
  17  1:11  Spawning Pool  
  17  1:14  Extractor  
  17  1:16  Drone  
  16  1:18  Drone  
  16  1:22  Drone  
  18  1:27  Drone  
  19  1:39  Overlord  
  19  1:57  Drone  
  19  2:01  Queen  
  20  2:02  Zergling x2  
  20  2:07  Queen  
  25  2:08  Drone  
  25  2:13  Drone  
  27  2:16  Metabolic Boost  
  27  2:18  Drone  
  28  2:23  Drone  
  29  2:31  Drone  
  30  2:38  Drone  
  30  2:39  Baneling Nest  
  30  2:50  Hatchery  
  29  2:52  Drone  
  29  2:55  Drone  
  31  2:59  Overlord  
  31  3:05  Zergling x4  
  33  3:10  Zergling x4  
  34  3:21  Zergling x6  
  37  3:29  Overlord  
  37  3:30  Zergling x8  
  41  3:37  Zergling x2  
  42  3:44  Zergling x4  
  44  3:50  Baneling x8  
  44  3:53  Zergling x6  
  47  3:58  Zergling x4  
  49  4:09  Zergling x10  
  53  4:10  Baneling  
  46  4:30  Zergling x12  
  46  4:31  Zergling x6  
  52  4:35  Baneling x3  
  52  4:36  Baneling  
  51  4:40  Zergling x4  
  50  4:46  Zergling x6  
  46  5:02  Zergling x8  
  50  5:07  Baneling x2  
  50  5:08  Baneling  
Tags
 
Add a new tag
Caveats
  • Supply blocks, unpowered buildings, or Contaminate may cause inaccurate times.
  • Supply counts are checked every 10 seconds.